 Dungeon Crawl Stone Soup version 0.29.0-4-gdea44cf6ec (webtiles) character file.

Game seed: 15098704122106805809

1 qw the Vexing (level 1, -1/16 HPs)
             Began as an Ogre Enchanter on Sept 3, 2022.
             Slain by a jackal (2 damage)
             ... on level 1 of the Dungeon.
             The game lasted 00:00:03 (36 turns).

qw the Vexing (Ogre Enchanter)                        Turns: 36, Time: 00:00:03

Health: -1/16      AC:  3    Str: 11    XL:     1   Next: 20%
Magic:  3/3        EV:  9    Int: 16    God:
Gold:   0          SH:  0    Dex:  9    Spells: 4/4 levels left

rFire   . . .      SeeInvis .   a - +1 dagger
rCold   . . .      Faith    .   (no shield)
rNeg    . . .      Spirit   .   b - +0 robe
rPois   .          Reflect  .   (helmet restricted)
rElec   .          Harm     .   (no cloak)
rCorr   .          Rampage  .   (gloves unavailable)
Will    .....                   (boots unavailable)
Stlth   ++........              (no amulet)
HPRegen 0.05/turn               (no ring)
MPRegen 0.08/turn               (no ring)

@: no status effects
A: large, unfitting armour, tough skin 1
a: no special abilities


You were on level 1 of the Dungeon.
You visited 1 branch of the dungeon, and saw 1 of its levels.


Innate Abilities, Weirdness & Mutations

You are too large for most types of armour.
You have tough skin. (AC +1)


   Skills:
 - Level 0.8 Short Blades
 + Level 0.4 Axes
 - Level 1.7 Dodging
 - Level 2.1 Stealth
 - Level 2.4 Spellcasting
 - Level 2.6 Hexes


You had 4 spell levels left.
You didn't know any spells.
Your spell library contained the following spells:

 Spells                   Type           Power      Damage    Failure   Level
 Ensorcelled Hibernation  Hex/Ice        12%        N/A       17%         2
 Confusing Touch          Hex            10%        N/A       21%         3
 Tukima's Dance           Hex            10%        N/A       21%         3
 Dazzling Flash           Conj/Hex       12%        N/A       34%         3

Inventory:

Hand Weapons
 a - a +1 dagger (weapon)
Armour
 b - a +0 robe (worn)
Potions
 c - 2 potions of invisibility

Dungeon Overview and Level Annotations

Branches:
Dungeon (1/15)

Altars:


Message History

The jackal is almost dead.
The jackal closely misses you. x2; The jackal barely misses you.
An endoplasm comes into view.
You barely miss the jackal.
The jackal is almost dead.
The jackal closely misses you. x2; The jackal barely misses you.
The jackal bites you.
A jackal comes into view.
You barely miss the jackal.
The jackal is almost dead.
The jackal barks!
The jackal bites you but does no damage.
The jackal barely misses you.
A ball python comes into view.
The jackal barely misses you. The jackal bites you.
The jackal barely misses you.
You completely miss the jackal.
The jackal is almost dead.
The jackal bites you. The jackal misses you.
The jackal bites you but does no damage.
You barely miss the jackal.
The jackal is almost dead.
The jackal bites you. x2; The jackal closely misses you.
The jackal bites you but does no damage.
The endoplasm quivers.
You hit the jackal but do no damage.
The jackal is almost dead.
The jackal bites you. The jackal barely misses you.
The jackal bites you but does no damage. x2
The jackal barely misses you.
You hit the jackal.
You kill the jackal!
A bat comes into view.
The jackal barely misses you.
The jackal bites you but does no damage. x2
You hit the jackal.
The jackal is heavily wounded.
The jackal bites you but does no damage.
The jackal bites you. The jackal closely misses you. The jackal bites you.
You die...

#...........#
###.......###
#...<...# .
#.......# ..
#.......# ...
#.......# S...
#.......# JS..( .
###...###......
....#'''#@hr.....
.........hhg....#
...7.....7......#
................#
...7.....7......#
................#
...7.....7......#
................#
...7.....7 ....


You could see an endoplasm, 3 jackals, a goblin, 2 ball pythons and a rat.

Vanquished Creatures
  A jackal (D:1)
1 creature vanquished.

Notes
Turn   | Place    | Note
-------+----------+-------------------------------------------
     0 | D:1      | qw the Ogre Enchanter began the quest for the Orb.
     0 | D:1      | Reached XP level 1. HP: 16/16 MP: 3/3
     0 | D:1      | 0 ||| qw: Version: 0.1-a-102-g441f92d
     0 | D:1      | 0 ||| qw: Game counter: 5154
     0 | D:1      | 0 ||| qw: Always use a shield: true
     0 | D:1      | 0 ||| qw: God list: Okawaru
     0 | D:1      | 0 ||| qw: Allow faded altars: false
     0 | D:1      | 0 ||| qw: Do Orc after D:15 true
     0 | D:1      | 0 ||| qw: Do second Lair branch before Depths: true
     0 | D:1      | 0 ||| qw: Lair rune preference: random
     0 | D:1      | 0 ||| qw: Plans: Normal
     0 | D:1      | 0 ||| PLANNING D:1-11
    18 | D:1      | 18 ||| Stepping ~*~*~tactically~*~*~ (stealth).
    33 | D:1      | HP: 4/16 [jackal (1)]
    36 | D:1      | HP: 1/16 [jackal (1)]
    36 | D:1      | Slain by a jackal

Levels and vault maps discovered:
D:1:      wander_arrival_estate, layout_rooms,
          shapermc_ecumenical_altar_mp_highgroup, dk_noncrumbling_4

Action                   || total
-------------------------++-------
Melee: Dagger            ||    16
Armor: Robe              ||    12
Dodge: Dodged            ||    22

Table legend:
 A = Non-vault XP
 B = Vault XP
 C = Vault XP percentage of total XP
 D = Non-vault monster count
 E = Vault monster count
 F = Vault count percentage of total count
                 A         B        C        D         E       F
            +---------+---------+-------+---------+---------+-------
      Total |       2 |       0 |   0.0 |       1 |       0 |   0.0
            +---------+---------+-------+---------+---------+-------
        D:1 |       2 |       0 |   0.0 |       1 |       0 |   0.0
            +---------+---------+-------+---------+---------+-------
